Cogmind - Beta 9.1 @@@ ROGUE MODE // 2019.11.09 @ 20:38:13 Player: Demise Result: Destroyed by G-34 Mercenary with Small Laser Performance ------------- Evolutions (0) 0 Regions Visited (2) 400 Robots Destroyed (13) 65 Value Destroyed (178) 178 Prototype IDs (0) 0 Alien Tech Used (0) 0 Bonus (0) 0 TOTAL SCORE: 643 Bonus ------- None Cogmind --------- Core Integrity 0/250 Matter 300/300 Energy 87/100 System Corruption 0% Temperature Cool (6) Location -10/Mines Parts ------- Power (1) Propulsion (2) Utility (2) Improved Terrain Scanner Seismic Analyzer Weapon (2) Inventory (4) Light Ion Engine Medium Storage Unit Grenade Launcher Mining Laser Peak State ------------ Power Light Ion Engine Propulsion Improved Treads Improved Treads Utility Improved Terrain Scanner Seismic Analyzer Weapon Assault Rifle Light Assault Rifle Inventory Light Ion Engine Small Storage Unit Grenade Launcher Mining Laser [Rating: 10] Favorites ----------- Power Light Ion Engine Engine Light Ion Engine Propulsion Aluminum Leg Treads Improved Treads Leg Aluminum Leg Hover Unit Improved Hover Unit Flight Unit Flight Unit Utility Improved Terrain Scanner Device Improved Terrain Scanner Storage Small Storage Unit Processor Seismic Analyzer Weapon Light Assault Rifle Ballistic Gun Light Assault Rifle Launcher Rocket Launcher Build | -11 -10 -10 ------- Run | Scr Mat Min Slots Evolved . | . . . Power . | . . . Propulsion . | . . . Utility . | . . . Weapon . | . . . Parts Attached 9 | 2 5 2 Power . | . . . Engine . | . . . Core . | . . . Reactor . | . . . Propulsion 5 | . 4 1 Treads 2 | . 2 . Leg . | . . . Wheel . | . . . Hover 2 | . 2 . Flight 1 | . . 1 Utility 2 | 2 . . Device 1 | 1 . . Storage . | . . . Processor 1 | 1 . . Hackware . | . . . Protection . | . . . Artifact . | . . . Weapon 2 | . 1 1 Energy Gun . | . . . Energy Cannon . | . . . Ballistic Gun 1 | . 1 . Ballistic Cannon . | . . . Launcher 1 | . . 1 Special Weapon . | . . . Impact Weapon . | . . . Slashing Weapon . | . . . Piercing Weapon . | . . . Special Melee Weapon . | . . . Unidentified Prototypes . | . . . Parts Lost 6 | . . 6 Power 1 | . . 1 Propulsion 2 | . . 2 Utility . | . . . Weapon 3 | . . 3 Highest Loss Streak 5 | . . 5 Average Slot Usage (%) 88 | . 99 75 Engine 11 | . 14 8 Leg 6 | . 11 . Hover 15 | . 14 16 Device 14 | . 14 14 Processor 14 | . 14 14 Ballistic Gun 24 | . 28 19 Launcher 1 | . . 2 Naked Turns . | . . . Heaviest Build 10 | 10 7 7 Greatest Support 46 | 20 46 16 Greatest Overweight (x) 1 | . . 1 Average Overweight (x) . | . . . Largest Inventory Capacity 6 | 6 4 4 Average Capacity 4 | 5 4 4 Most Carried 6 | 6 4 4 Average Carried 3 | 3 3 4 Final Capacity 4 | 4 4 4 Final Carried 4 | 4 4 4 Class Distribution -------------------- 100% | Mutant Dominant Class ---------------- Mutant | -10/Materials Mutant | -10/Mines Resources | -11 -10 -10 ----------- Run | Scr Mat Min Matter Collected 379 | 272 . 107 Remotely . | . . . Salvage Created 399 | 251 . 148 Parts 33 | 22 . 11 Haulers Intercepted . | . . . Recyclers Shooed 1 | 1 . . Parts Field Recycled . | . . . Retrieved Matter . | . . . Parts Self-Destructed . | . . . Prevented . | . . . Kills | -11 -10 -10 ------- Run | Scr Mat Min Combat Hostiles Destroyed 5 | . . 5 Guns 3 | . . 3 AOE 2 | . . 2 Classes Destroyed 5 | 3 . 2 Worker 2 | 2 . . Tunneler 5 | 5 . . Recycler 1 | 1 . . Swarmer 2 | . . 2 Grunt 3 | . . 3 Best Kill Streak 6 | 6 . 4 Combat Bots Only 4 | . . 4 Max Kills in Single Turn 2 | 1 . 2 Gunslinging . | . . . Exploded 2 | . . 2 Melee . | . . . Uniques/NPCs Destroyed . | . . . Combat | -11 -10 -10 -------- Run | Scr Mat Min Damage Taken 687 | . . 687 Core 261 | . . 261 Absorbed by Shields . | . . . Core Remaining (%) 100 | 100 . . Volleys Fired 38 | 26 . 12 Largest 2 | 2 . 2 Hottest 40 | 40 . 40 Shots Fired 74 | 52 . 22 Gun 72 | 52 . 20 Cannon . | . . . Launcher 2 | . . 2 Special . | . . . Kinetic 72 | 52 . 20 Thermal . | . . . Explosive 2 | . . 2 Electromagnetic . | . . . Robot Hit Streak 8 | 8 . 4 Robot Miss Streak 4 | 2 . 4 Penetration Max . | . . . Secondary Targets 1 | . . 1 Max Gunslinging Chain 1 | . . 1 Shots Hit Robots 44 | 33 . 11 Core Hits 18 | 12 . 6 Critical Hits 1 | 1 . . Critical Kills 1 | 1 . . Critical Parts Destroyed . | . . . Melee Attacks . | . . . Impact . | . . . Slashing . | . . . Piercing . | . . . Sneak Attacks . | . . . Combat Hostiles . | . . . Follow-up Attacks . | . . . Damage Inflicted 517 | 267 . 250 Guns 366 | 267 . 99 Cannons . | . . . Explosions 151 | . . 151 Melee . | . . . Ramming . | . . . Kinetic 366 | 267 . 99 Thermal . | . . . Explosive 151 | . . 151 Electromagnetic . | . . . Impact . | . . . Slashing . | . . . Piercing . | . . . Highest Corruption . | . . . Average Corruption . | . . . Corruption Purged . | . . . Overload Shots . | . . . Overflow Damage . | . . . Projectiles . | . . . Explosions . | . . . Melee . | . . . Knockbacks . | . . . Impact . | . . . Kinetic . | . . . Secondary . | . . . Self-Inflicted Damage 46 | . . 46 Shots 2 | . . 2 Rammed . | . . . Targets Rammed . | . . . Kicked . | . . . Crushed . | . . . Highest Temperature 19 | . . 19 Average Temperature 6 | . . 6 Received Heat Transfer 240 | . . 240 Siege Activations . | . . . Robots Corrupted . | . . . Combat Hostiles . | . . . Parts Fried . | . . . Impact Corruptions . | . . . Robots Melted . | . . . Combat Hostiles . | . . . Parts Melted . | . . . Heat Transferred . | . . . Parts Sabotaged . | . . . Parts Stolen . | . . . Parts Stripped . | . . . Power Chain Reactions . | . . . Missiles Intercepted . | . . . Alert | -11 -10 -10 ------- Run | Scr Mat Min Peak Influence 98 | 40 36 98 Average Influence 31 | 17 27 50 Maximum Alert Level . | . . . Low Security (%) 100 | . . . Level 1 . | . . . Level 2 . | . . . Level 3 . | . . . Level 4 . | . . . Level 5 . | . . . High Security . | . . . Max Security . | . . . Squads Dispatched . | . . . Investigation . | . . . Extermination . | . . . Reinforcement . | . . . Assault . | . . . Garrison . | . . . Intercept . | . . . Construction Impeded . | . . . Haulers Reinforced . | . . . Stealth | -11 -10 -10 --------- Run | Scr Mat Min Distress Signals 1 | . . 1 Communications Jammed . | . . . Distress Signals . | . . . Times Spotted 17 | . 1 16 Peak Tracking Total 8 | . 1 8 Tactical Retreats 3 | . . 3 Traps | -11 -10 -10 ------- Run | Scr Mat Min Traps Triggered . | . . . Indirectly . | . . . Trap Hack Attempts . | . . . Triggered . | . . . Disarmed . | . . . Reprogrammed . | . . . Reused . | . . . Traps Extracted . | . . . Installed . | . . . Triggered . | . . . Machines | -11 -10 -10 ---------- Run | Scr Mat Min Machines Disabled . | . . . Max in Single Turn . | . . . Machines Sabotaged . | . . . Garrisons Compromised . | . . . Overloaded Fab Kills . | . . . Fab Network Shutdowns . | . . . Hacking | -11 -10 -10 --------- Run | Scr Mat Min Machines Accessed 4 | . 4 . Terminals 4 | . 4 . Fabricators . | . . . Repair Stations . | . . . Recycling Units . | . . . Scanalyzers . | . . . Garrison Access . | . . . Total Hacks 11 | . 11 . Successful 5 | . 5 . Failed 6 | . 6 . Catastrophic . | . . . Database Lockouts . | . . . Manual 9 | . 9 . Terminals 11 | . 11 . Fabricators . | . . . Repair Stations . | . . . Recycling Units . | . . . Scanalyzers . | . . . Garrison Access . | . . . Terminal Hacks 2 | . 2 . Part Schematic 1 | . 1 . Hauler Manifests 1 | . 1 . Fabricator Hacks . | . . . Repair Station Hacks . | . . . Recycling Unit Hacks . | . . . Scanalyzer . | . . . Garrison Access Hacks . | . . . Unauthorized Hacks 11 | . 11 . Terminals 3 | . 3 . Botnet 3 | . 3 . Fabricators . | . . . Repair Stations . | . . . Recycling Units . | . . . Scanalyzers . | . . . Garrison Access . | . . . Data Cores Recovered . | . . . Used . | . . . Hacking Detections 4 | . 4 . Full Trace Events . | . . . Feedback Events . | . . . Feedback Blocked . | . . . Robot Schematics Acquired . | . . . Robots Built . | . . . Matter . | . . . Time . | . . . Total Robot Build Rating . | . . . Part Schematics Acquired 1 | . 1 . Parts Built . | . . . Matter . | . . . Time . | . . . Total Part Build Rating . | . . . Parts Repaired . | . . . Time . | . . . Parts Recycled . | . . . Recycled Matter . | . . . Retrieved Matter . | . . . Retrieved Components . | . . . Parts Scanalyzed . | . . . Part Schematics Acquired . | . . . Parts Damaged . | . . . Bothacking | -11 -10 -10 ------------ Run | Scr Mat Min Used RIF Installer . | . . . Robots Hacked . | . . . Non-combat . | . . . Combat . | . . . Robot Hacks Applied . | . . . Relay Couplers Released . | . . . Robots Rewired . | . . . Allies Hacked . | . . . Hacks Repelled . | . . . Allies | -11 -10 -10 -------- Run | Scr Mat Min Total Allies . | . . . Largest Group . | . . . Highest-Rated Group . | . . . Highest-Rated Ally . | . . . Total Orders . | . . . Ally Attacks . | . . . Total Damage . | . . . Kills . | . . . Allies Corrupted . | . . . Allies Melted . | . . . Intel | -11 -10 -10 ------- Run | Scr Mat Min Robot Analysis Total . | . . . Derelict Logs Recovered . | . . . Drone Launches . | . . . Drone Recoveries . | . . . Exploration | -11 -10 -10 ------------- Run | Scr Mat Min Turns Passed 399 | 119 158 122 Spaces Moved 331 | 24 197 110 Core 31 | . . 31 Treads 2 | . 2 . Legs 78 | 24 54 . Wheels . | . . . Hover 220 | . 141 79 Flight . | . . . Fastest Speed 50 | 120 56 50 Average Speed 73 | 120 74 60 Slowest Speed 160 | 120 160 100 Overloaded Moves . | . . . Propulsion Burnouts . | . . . Robots Hopped . | . . . Cave-ins Triggered . | . . . Exploration Rate (%) 24 | 3 39 30 Regions Visited 2 Branch Regions 1 Pre-discovered Areas . | . . . Known Exits Taken . | . . . Unknown Exits Taken 2 | 1 1 . Scrap Searched . | . . . Spaces Dug . | . . . Terrain Destroyed 26 | . . 26 Melee . | . . . Projectile . | . . . AOE 26 | . . 26 Actions | -11 -10 -10 --------- Run | Scr Mat Min Total 430 | 74 211 145 Wait 35 | 15 . 20 Move 329 | 23 196 110 Hop . | . . . Pick Up 6 | 3 3 . Fast Attach 7 | 1 4 2 Attach 1 | . 1 . Detach . | . . . Swap 1 | 1 . . Drop 13 | 5 7 1 Fire 38 | 26 . 12 Melee . | . . . Ram . | . . . Kick . | . . . Crush . | . . . Escape Stasis . | . . . Rewire . | . . . Trap . | . . . Miscellaneous . | . . . Route ------- -11/Scrapyard -10/Materials (discovered 3 exits: [*Mat] / [*Min x2]) -10/Mines History --------- Turn | Location | Event 14 | -11/Scrapyard | Discovered new exit (range 3) 120 | -11/Scrapyard | Entered Materials 148 | -10/Materials | Discovered new exit (range 7) 220 | -10/Materials | Discovered new exit (range 13) 235 | -10/Materials | Discovered new exit (range 16) 278 | -10/Materials | Entered Mines 280 | -10/Mines | Assembled infested the area 317 | -10/Mines | Build established: Mutant 368 | -10/Mines | Core integrity fell below 50% 378 | -10/Mines | Received a Rocket Launcher from a helpful Derelict 391 | -10/Mines | Core integrity fell below 20% 395 | -10/Mines | Lost 5 parts (1p2n2w) 400 | -10/Mines | Destroyed by G-34 Mercenary with Small Laser Last Messages --------------- 00370_ HX-VTV(g): "Everyone knows a good old rocket launcher goes a long way." 00371_ HX-VTV(g): "Need to get rid of a swarm? Done. Need a big hole in the wall? Done." 00377_ HX-VTV(g): "Need a small hole in the wall? Leave that to the mining laser wimps, I say!" 00378_ HX-VTV(g): "Would you like a rocket launcher? I know I would if I were you, so I'm going to lend you mine." 00378_ HX-VTV(g) slips back into the shadows. 00378_ Acquired Rocket Launcher. 00380_ G-34 Mercenary destroyed. 00380_ G-47 Trooper destroyed. 00384_ The unstable cave ceiling collapses. 00388_ Acquired 33 matter. 00391_ Acquired 19 matter. 00394_ Acquired 5 matter. 00396_ Acquired Flight Unit. 00397_ Dropped Flight Unit. 00398_ The unstable cave ceiling collapses. 00398_ Acquired 10 matter. 00398_ Rocket Launcher destroyed. Map ----- +----------------------------------------------------+ | ?????????????# #??### ##?##???#??????# ????????? | | ????#????????# #?#?### #?#???#???????? ???? ????? | | ?????######### ####??# #???###???#### ?????????? | | ?????# #??# #??#????#??# ??????????? | | ?????# #?## #######???? ??#????????? | | #????# """ """ #??# #?#??# ????????????? | | ?????# """ """ #?####### #??#?? #??????????#?? | | ?????# """ """ #????#?## ####### #????????????? | | ?????# ##?#?#?##= = #?????##?????? | | ?????# ##?##???######### ############?? | | ?????# #?##???####???### | | ?????##############?#???## ##?# | | ??? ????#??#?#?###???##?# ### # ####### | | ???????????#?###?#####??# #####?##???????? | | ????????#?#??##?#?#?#???# ##?#??????#????? | | ? ?????#????????#?##???## #####?#???##???????? | | ????????????#???##?###?#?# ##?#??????#?#??????? | | ?????? #?##???#?###??#?#?# ##??????# ?????????? | | ??? ? ??#???????###?##??# #???#?#?#????#?????? | | ??#?? #?#????####?#??????# #######????????????? | | ??#??#???#???????#?##??#?# ##????????###?? | | #?????##???#?#???##?##?#?# #### #### # | | ???????#??#########??###?## #### | | ??#?#?##?## # #?##?#?### ### | | ????#?#??# # ########## ########## #? | | ? ?????#??# [ ! g =%= @ #?##????????? ##? | | ????####### ===g #??#???#???????? | | ?#??## ## ########### ##?????????#???? | | ??### #???#?????# #?#????????????? | | ???# #####?#????#?## ##?#????????????? | | ???# ####??????#?#?#??# #???????????????? | | ??### ##??###?#????#?#?### ##????#????#?????? | | ????#######?#?#????##?#???#??#####????????#??????? | | ??#??#????#????#???????#?##??#???????????????????? | | ??????#???#?????###?#???????###??????????#???????? | | | | | | | | | | | | | | | | | | | | | | | | | | | | | | | +----------------------------------------------------+ Best States ------------- Heat Dissipation 25 Energy Generation 10 Energy Capacity 125 Matter Stores 300 Matter Capacity 300 Sight Range 16 Terrain Scan Range 16 Terrain Scan Density 60 Evasion (%) 53 Recoil Reduction 1 Item Schematics ----------------- Hcp. Storage Unit | -10/Materials | Hacked Robot Schematics ------------------ None Fabricated ------------ Nothing Alien Tech Used ----------------- None Achievements -------------- None Challenges ------------ None Game ------ Seed CouplerMasterScanner Manual? 0 Play Time 00:07:56 Cumulative 112.5 hours Start 2019.11.09 @ 20:32:06 End 2019.11.09 @ 20:38:13 Sessions 1 Manual Loads 0 Difficulty Rogue Special Mode None Game No. 148 Rogue 126 Adventurer 11 Explorer 0 Win Type - Total 0 Types 0/0/0/0/0/0/0 Lore% 43 Gallery% 54 Achievement% 37 Wizard Run 0 Options --------- ASCII 0 Keyboard 1 Movement Numpad Keybinds 0 Fullscreen 1 Font 12/Terminus Map View 83x54 Tactical HUD 1 Map Filters NONE Filters NONE Steam 1 RUN: 5f484cf8-ad1a-48d5-a849-4e268347f600